 Dungeon Crawl Stone Soup version 0.23-a0-550-g7de1f8ee9f (webtiles) character file.

24590 Manul the Covert (level 12, 0/99 HPs)
             Began as a Demonspawn Assassin on Dec 8, 2018.
             Was an Initiate of Gozag.
             Slain by an orc warlord
             ... wielding a +1 war axe of chopping
              (17 damage)
             ... on level 12 of the Dungeon.
             The game lasted 00:28:06 (15476 turns).

Manul the Covert (Demonspawn Assassin)             Turns: 15476, Time: 00:28:07

Health: 0/99       AC: 18    Str: 21    XL:     12   Next: 82%
Magic:  14/14      EV: 19    Int: 15    God:    Gozag
Gold:   2837       SH:  3    Dex: 20    Spells: 11/11 levels left

rFire    . . .     SeeInvis +   A - +8 rapier of the Pyrrhic Victory {protect, rPois Str+4}
rCold    + . .     Gourm    .   (no shield)
rNeg     . . .     Faith    .   I - +0 scale mail "Quusit" {+Blink} (curse)
rPois    +         Spirit   .   (no helmet)
rElec    .         Reflect  +   d - +0 cloak
rCorr    .         Harm     .   N - +0 pair of gloves
MR       .....                  (no boots)
Stlth    +++++++...             l - +3 amulet of reflection
HPRegen  0.66/turn              m - +3 ring of intelligence
MPRegen  0.14/turn              f - ring of see invisible

@: mighty, protection aura, drained
A: hooves 1, agile 1, cold resistance 1, dopey 1, nightstalker 2, regeneration
1, freezing cloud immunity, sturdy frame 2
a: Potion Petition, Call Merchant, Bribe Branch, Renounce Religion, Evoke Blink


You were on level 12 of the Dungeon.
You worshipped Gozag.
Gozag was most pleased with you.
You were hungry.

You visited 3 branches of the dungeon, and saw 15 of its levels.
You also visited: Sewer.

You collected 3603 gold pieces.
You spent 207 gold pieces at shops.
You paid 559 gold pieces to Gozag.

Inventory:

Hand Weapons
 a - a +3 dagger
 b - a +0 blowgun
 o - a +1 hand axe of chopping
 A - the +8 rapier of the Pyrrhic Victory (weapon) {protect, rPois Str+4}
   (You found it on level 6 of the Dungeon)

   It protects the one who uses it against injury (+AC on strike).
   It affects your strength (+4).
   It protects you from poison.
Missiles
 e - 34 poisoned needles
 K - 2 curare-tipped needles
Armour
 d - a +0 cloak (worn)
 G - a +0 chain mail
 H - a +0 shield
 I - the cursed +0 scale mail "Quusit" (worn) {+Blink}
   (You bought it in a shop on level 8 of the Dungeon)

   It lets you blink.
   It has a curse placed upon it.
 N - a +0 pair of gloves (worn)
Jewellery
 c - a +4 ring of intelligence
 f - a ring of see invisible (right hand)
 l - a +3 amulet of reflection (around neck)
 m - a +3 ring of intelligence (left hand)
 y - an uncursed ring of ice
 z - an uncursed amulet of guardian spirit {unknown}
 C - an uncursed ring of ice
Wands
 n - a wand of flame (4)
 q - a wand of iceblast (17)
 L - a wand of acid (1)
Scrolls
 i - 4 scrolls of enchant weapon
 x - a scroll of identify
 B - 4 scrolls of remove curse
Potions
 p - 3 potions of magic
 r - 2 potions of agility
 s - 2 potions of brilliance
 t - a potion of lignification
 w - 2 potions of flight
 F - a potion of mutation
Comestibles
 g - 2 rations


   Skills:
 + Level 10.9 Fighting
 - Level 5.2 Short Blades
 + Level 2.5 Throwing
 + Level 8.4 Armour
 + Level 9.3 Dodging
 - Level 12.1(12.0) Stealth
 + Level 3.5 Evocations


You had 11 spell levels left.
You didn't know any spells.
Your spell library contained the following spells:

 Spells                   Type           Power        Failure   Level  Hunger
 Freeze                   Ice            #...         36%         1    ##.....
 Throw Frost              Conj/Ice       #.....       50%         2    ###....
 Ozocubu's Armour         Chrm/Ice       #.......     73%         3    ####...
 Summon Ice Beast         Ice/Summ       #.......     98%         4    #####..
 Throw Icicle             Conj/Ice       #.......     98%         4    #####..


Dungeon Overview and Level Annotations

Branches:
Dungeon (12/15)            Temple (1/1) D:5            Lair (0/6) D:9
    Orc (2/2) D:12
    Elf: Orc:2

Altars:
Ashenzari
Cheibriados
Dithmenos
Elyvilon
Fedhas
Gozag
Hepliaklqana
Kikubaaqudgha
Makhleb
Okawaru
Qazlal
Ru
Sif Muna
Trog
Uskayaw
Wu Jian
Xom
Yredelemnul
Zin
The Shining One
Beogh

Shops:
D:8 [   D:9 *

Annotations:
D:3 Sigmund
D:5 1 transporter, ZanderDzel's ghost, amateur DrFi
D:11 Maurice


Innate Abilities, Weirdness & Mutations

You have large cloven feet.
Your flesh is cold resistant. (rC+)
You are significantly more attuned to the shadows.
You are immune to freezing clouds.
Your movements are less encumbered by armour. (ER -4)
You are agile. (Dex +2)
You are dopey. (Int -2)
Your natural rate of healing is unusually fast.


Message History

The orc warlord hits you with a +1 war axe of chopping!
Evoke which item? (* to show all) (? for menu, Esc to quit)
Aiming: Corrosive Bolt
Press: ? - help, Shift-Dir - straight line, f/p - orc warlord
Aim: an orc warlord, wielding a +1 war axe of chopping and wearing a +0 plate The bolt of acid hits the orc warlord.
The orc warlord is splashed with acid.
The acid corrodes the orc warlord!
The orc warlord is moderately wounded.
You puncture the orc warlord!
The orc warlord is moderately wounded.
The orc warlord hits you with a +1 war axe of chopping!!
* * * LOW HITPOINT WARNING * * *
x2 You puncture the orc warlord!
Your kick misses the orc warlord.
The orc warlord is heavily wounded.
The orc warlord closely misses you.
Unknown command.
You fail to use your ability.
The orc warlord hits you with a +1 war axe of chopping!
You die...
Your body crumbles into a pile of gold.

### #..# #.##..# ..#
##.## #######..# #.# #..#
#.....#..# #.## ##.##
#.....8..# #..####
#..###.....'..#
##....######..##..⌠..8.##
####.#....##.##.....#.#
#.#....##..#.....#.#
#..<...#####@._.8#.#
######..)..#####.o)..#.#
#..........##..#.....#.#
#.######..###..#..⌠..8.##
..# #.....#..#.....[..#
#######.###.#..#.....8).#
#....# #.#..#.....#[.#
#.#### #....#######..#
#.# ####..# #(.#


You could see an orc warlord.

Vanquished Creatures
  Josephine (D:11)
  A hydra (D:12)
  7 two-headed ogres
  2 orc high priests
  Nergalle (Orc:1)
  2 orc sorcerers
  A cyclops (Orc:1)
  An ugly thing (D:12)
  3 trolls (Orc:1)
  2 hornets
  The ghost of feta the Covered, an amateur GnWn (D:7)
  2 slime creatures
  2 wyverns
  3 wraiths (D:11)
  18 yaks
  A hungry ghost (D:10)
  3 vampire mosquitoes (D:12)
  2 wargs
  4 water moccasins
  Purgy (Sewer)
  23 orc warriors
  An ice beast (D:5)
  2 phantoms
  A black bear (D:8)
  4 sky beasts
  2 centaurs
  A necrophage (D:11)
  13 ogres
  A crocodile (D:10)
  3 bullfrogs
  2 big kobolds
  Blork the orc (D:8)
  2 gnoll sergeants
  4 scorpions
  A wyvern skeleton (D:10)
  5 killer bees (D:11)
  3 wights (D:12)
  4 howler monkeys
  6 crimson imps
  3 jellies
  A bullfrog zombie (D:5)
  A quasit (D:10)
  A centaur zombie (D:9)
  16 orc priests
  A bullfrog skeleton (D:5)
  6 hounds
  20 orc wizards
  4 centaur skeletons
  Jessica (D:2)
  Ijyb (D:4)
  4 iguanas
  9 worker ants
  A hound skeleton (D:8)
  A howler monkey zombie (D:8)
  A worker ant zombie (D:7)
  22 gnolls
  3 howler monkey skeletons
  10 adders
  A river rat (D:6)
  3 shadow imps
  An ooze (D:3)
  An adder skeleton (D:8)
  4 worms (D:3)
  A dart slug (D:1)
  4 leopard geckos
  69 orcs
  7 giant cockroaches
  7 goblins
  3 hobgoblins
  12 jackals
  9 quokkas
  2 ball pythons (D:3)
  3 bats
  9 frilled lizards
  17 kobolds
  A leopard gecko skeleton (D:5)
  A quokka skeleton (D:5)
  5 rats
403 creatures vanquished.

Vanquished Creatures (others)
  A cyclops (D:9)
1 creature vanquished.

Grand Total: 404 creatures vanquished

Notes
Turn   | Place    | Note
-------+----------+-------------------------------------------
     0 | D:1      | Manul the Demonspawn Assassin began the quest for the Orb.
     0 | D:1      | Reached XP level 1. HP: 16/16 MP: 1/1
   418 | D:1      | Gained mutation: Your movements are slightly less
                  | encumbered by armour. (ER -2) [demonic ancestry]
   418 | D:1      | Reached XP level 2. HP: 22/22 MP: 2/2
   571 | D:2      | Reached skill level 4 in Stealth
   614 | D:2      | Noticed an ogre
   633 | D:2      | Killed an ogre
   633 | D:2      | Reached skill level 1 in Dodging
   633 | D:2      | Gained mutation: You are slightly more attuned to the
                  | shadows. [demonic ancestry]
   633 | D:2      | Reached XP level 3. HP: 15/28 MP: 3/3
   633 | D:2      | Reached XP level 4. HP: 18/34 MP: 4/4
  1119 | D:2      | Noticed Jessica
  1139 | D:2      | Killed Jessica
  1139 | D:2      | Reached skill level 1 in Armour
  1139 | D:2      | Reached XP level 5. HP: 26/39 MP: 5/5
  1177 | D:1      | Gained mutation: Your flesh is cold resistant. (rC+)
                  | [potion of mutation]
  1177 | D:1      | Gained mutation: You are dopey. (Int -2) [potion of
                  | mutation]
  1177 | D:1      | Gained mutation: Your natural rate of healing is unusually
                  | fast. [potion of mutation]
  1177 | D:1      | Gained mutation: You are agile. (Dex +2) [potion of
                  | mutation]
  1409 | D:2      | Found a stormy altar of Qazlal.
  1447 | D:2      | Found an ancient bone altar of Kikubaaqudgha.
  1983 | D:3      | Found a blossoming altar of Fedhas.
  2105 | D:3      | Noticed Sigmund
  2229 | D:3      | Gained mutation: You are significantly more attuned to the
                  | shadows. [demonic ancestry]
  2229 | D:3      | Reached XP level 6. HP: 43/46 MP: 6/6
  2254 | D:3      | Reached skill level 5 in Stealth
  2964 | D:4      | Noticed Ijyb
  2971 | D:4      | Killed Ijyb
  3379 | D:5      | Entered Level 5 of the Dungeon
  3529 | D:5      | Noticed a sky beast
  3534 | D:5      | Killed a sky beast
  3534 | D:5      | Gained mutation: You have large cloven feet. [demonic
                  | ancestry]
  3534 | D:5      | Reached XP level 7. HP: 52/52 MP: 7/7
  3812 | D:5      | Found a staircase to the Ecumenical Temple.
  3822 | Temple   | Entered the Ecumenical Temple
  3906 | Temple   | Became a worshipper of Gozag Ym Sagoz the Greedy
  3928 | D:5      | Reached skill level 6 in Stealth
  4405 | D:5      | Gained mutation: Your movements are less encumbered by
                  | armour. (ER -4) [demonic ancestry]
  4405 | D:5      | Reached XP level 8. HP: 55/58 MP: 8/8
  4469 | D:5      | Reached skill level 7 in Stealth
  4569 | D:5      | Found a transporter.
  4570 | D:5      | Noticed ZanderDzel's ghost (amateur DrFi)
  4570 | D:5      | Identified the cursed +1 great mace of Embarrassment
                  | {crush, +Inv +Fly MR- Str-5}
  4887 | D:6      | Got an ancient rapier
  4888 | D:6      | Identified the +8 rapier of the Pyrrhic Victory {protect,
                  | rPois Str+4} (You found it on level 6 of the Dungeon)
  4956 | D:6      | Reached skill level 5 in Short Blades
  5054 | D:6      | Found a glowing drain.
  5068 | Sewer    | Entered a sewer
  5111 | Sewer    | Noticed Purgy
  5124 | Sewer    | Killed Purgy
  5124 | Sewer    | Reached skill level 8 in Stealth
  5677 | D:5      | Found a transporter.
  5809 | D:7      | Mutation became permanent: Your flesh is cold resistant.
                  | (rC+) [demonic ancestry]
  5809 | D:7      | Gained mutation: Your flesh is cold resistant. (rC+)
                  | [demonic ancestry]
  5809 | D:7      | Reached XP level 9. HP: 35/65 MP: 9/9
  5911 | D:7      | Found a large runed door.
  5912 | D:7      | Found a large runed door.
  5915 | D:7      | Noticed feta's ghost (amateur GnWn)
  6330 | D:7      | Found a burning altar of Makhleb.
  6506 | D:7      | Reached skill level 9 in Stealth
  6712 | D:7      | Killed feta's ghost
  6763 | D:8      | Found Ypneduh's Antique Armour Boutique.
  6783 | D:8      | Bought a heavily runed scale mail for 207 gold pieces
  6794 | D:8      | Identified the cursed +0 scale mail "Quusit" {+Blink} (You
                  | bought it in a shop on level 8 of the Dungeon)
  6871 | D:8      | Noticed a two-headed ogre
  6884 | D:8      | Killed a two-headed ogre
  6884 | D:8      | Reached skill level 10 in Stealth
  7113 | D:8      | Gained mutation: You are immune to freezing clouds.
                  | [demonic ancestry]
  7113 | D:8      | Reached XP level 10. HP: 73/73 MP: 10/10
  7219 | D:8      | Noticed Blork the orc
  7238 | D:8      | Killed Blork the orc
  7244 | D:8      | Found a deep blue altar of Sif Muna.
  7436 | D:9      | Noticed a cyclops
  7438 | D:9      | Reached skill level 5 in Fighting
  7438 | D:9      | Reached skill level 11 in Stealth
  7466 | D:9      | HP: 3/74 [cyclops (10)]
  7478 | D:9      | Killed a cyclops
  7478 | D:9      | Reached skill level 5 in Dodging
  7717 | D:9      | Found a staircase to the Lair.
  7892 | D:9      | Noticed a two-headed ogre
  7908 | D:9      | Killed a two-headed ogre
  8230 | D:9      | Noticed a two-headed ogre
  8233 | D:9      | Killed a two-headed ogre
  8233 | D:9      | Reached skill level 5 in Armour
  8233 | D:9      | Reached skill level 12 in Stealth
  8233 | D:9      | Reached skill level 1 in Evocations
  8252 | D:9      | Found a glowing golden altar of the Shining One.
  8577 | D:10     | Entered Level 10 of the Dungeon
  8740 | D:10     | Reached XP level 11. HP: 32/83 MP: 11/11
  9192 | D:10     | Noticed a two-headed ogre
  9208 | D:10     | Killed a two-headed ogre
  9600 | D:10     | Noticed a skeletal warrior
  9600 | D:10     | Noticed a skeletal warrior
  9600 | D:10     | Noticed a skeletal warrior
 10277 | D:11     | Noticed an eight-headed hydra
 10731 | D:11     | Noticed Maurice
 11301 | D:11     | Paralysed by a hornet for 2 turns
 11459 | D:11     | Noticed Josephine
 11471 | D:11     | Killed Josephine
 11570 | D:11     | Noticed a two-headed ogre
 11575 | D:11     | Killed a two-headed ogre
 11962 | D:12     | Noticed a four-headed hydra
 11966 | D:12     | Killed a four-headed hydra
 11966 | D:12     | Reached XP level 12. HP: 79/95 MP: 13/13
 12246 | D:12     | Noticed a two-headed ogre
 12251 | D:12     | Killed a two-headed ogre
 12345 | D:12     | Found a roughly hewn altar of Beogh.
 12597 | D:12     | Found a staircase to the Orcish Mines.
 13743 | Orc:1    | Entered Level 1 of the Orcish Mines
 13828 | Orc:1    | Noticed Nergalle
 13849 | Orc:1    | Killed Nergalle
 13964 | Orc:1    | Reached skill level 10 in Fighting
 14376 | Orc:2    | Entered Level 2 of the Orcish Mines
 14376 | Orc:2    | Found a bloodstained altar of Trog.
 14376 | Orc:2    | Noticed a two-headed ogre
 14401 | Orc:2    | Killed a two-headed ogre
 14662 | Orc:2    | Noticed an orc high priest
 14669 | Orc:2    | Killed an orc high priest
 14755 | Orc:1    | Paralysed by an orc sorcerer for 5 turns
 14963 | Orc:2    | Noticed an orc warlord
 15087 | Orc:2    | Paralysed by an orc sorcerer for 2 turns
 15176 | Orc:2    | Noticed an orc high priest
 15196 | Orc:1    | Killed an orc high priest
 15476 | D:12     | Slain by an orc warlord

Vault maps used:
D:1:      psy_arrival_terrarium, minivault_14
D:2:      kiku_gazebo_garden_becter, lemuel_doored_altar, minmay_unequal,
          uniq_jessica
D:3:      nicolae_overflow_crystal_walls, uniq_sigmund
D:4:      uniq_ijyb
D:5:      minmay_temple_entry_statues_pillars, first_ration,
          gammafunk_ghost_smash, hangedman_decor_peaks_small,
          minmay_fractal_squares_5
D:6:      portal_sewer_entry_b, item_on_display_a
D:7:      kennysheep_little_box, ebering_ghost_disaster_area, grunt_ministairs_9
D:8:      tgw_sif, serial_shops, nicolae_shop_stone
D:9:      nicolae_tso_carved_into_rock, lair_entry_dummy
D:11:     uniq_josephine, uniq_maurice
D:12:     david_orc_5, grunt_livestock
Temple:   eino_temple_rhombus
Orc:1:    uniq_nergalle
Orc:2:    grunt_orc_community_town_hall, grunt_orc_community_big_house_1,
          grunt_orc_community_big_house_1, grunt_orc_community_house_1,
          grunt_orc_community_house_3, grunt_orc_community_house_2,
          grunt_orc_community_house_1, grunt_orc_community_house_2, bloody_trog
Sewer:    sewer_co_purgy_island

Skill      XL: |  1  2  3  4  5  6  7  8  9 10 11 12 |
---------------+-------------------------------------+-----
Throwing       | 2 |  2.5
Stealth        | 4 5 6 8 10 12 | 12.1
Short Blades   | 2 3 4 5 |  5.2
Dodging        | 1 2 3 4 5 7 9 |  9.3
Armour         | 1 2 3 4 5 7 8 |  8.4
Fighting       | 3 4 6 9 10 | 10.9
Evocations     | 1 3 |  3.5

Action                   |  1- 3 |  4- 6 |  7- 9 | 10-12 || total
-------------------------+-------+-------+-------+-------++-------
Melee: Dagger            |    34 |   313 |    91 |       ||   438
       Kick              |       |       |    97 |   335 ||   432
       Rapier            |       |       |   203 |   945 ||  1148
 Fire: Blowgun           |     2 |       |       |     3 ||     5
Invok: Call Merchant     |       |       |       |     1 ||     1
       Potion Petition   |       |       |       |     1 ||     1
 Abil: Evoke Blink       |       |       |       |    10 ||    10
Evoke: Wand              |       |       |     1 |    20 ||    21
  Use: Scroll            |     1 |     6 |     2 |    11 ||    20
       Potion            |       |     5 |     1 |    10 ||    16
 Stab: Sleeping          |     1 |    10 |    29 |    32 ||    72
       Distracted        |       |       |     4 |    10 ||    14
  Eat: Chunk             |       |     8 |     2 |       ||    10
       Ration            |       |       |     3 |     9 ||    12
Armor: Ring mail         |     8 |    85 |    69 |       ||   162
       Robe              |     1 |       |       |       ||     1
       Scale mail        |       |       |    26 |   286 ||   312
       Chain mail        |       |       |    12 |       ||    12
Dodge: Dodged            |    14 |   203 |   189 |   661 ||  1067
Block: Other             |     3 |    30 |    31 |    89 ||   153
       Reflection        |       |     3 |       |     1 ||     4

Table legend:
 A = Non-vault XP
 B = Vault XP
 C = Vault XP percentage of total XP
 D = Non-vault monster count
 E = Vault monster count
 F = Vault count percentage of total count
                 A         B        C        D         E       F
            +---------+---------+-------+---------+---------+-------
      Total |   28312 |    6817 |  19.4 |     328 |      76 |  18.8
            +---------+---------+-------+---------+---------+-------
        D:1 |      27 |       0 |   0.0 |       8 |       0 |   0.0
        D:2 |      90 |     169 |  65.3 |      20 |       5 |  20.0
        D:3 |     159 |       0 |   0.0 |      30 |       0 |   0.0
        D:4 |     163 |      36 |  18.1 |       7 |       1 |  12.5
        D:5 |     874 |      88 |   9.1 |      21 |       6 |  22.2
        D:6 |     868 |      18 |   2.0 |      12 |       4 |  25.0
        D:7 |     548 |     314 |  36.4 |      18 |       2 |  10.0
        D:8 |    2059 |      91 |   4.2 |      31 |       1 |   3.1
        D:9 |    4759 |       0 |   0.0 |      29 |       0 |   0.0
       D:10 |    4076 |       0 |   0.0 |      47 |       0 |   0.0
       D:11 |    4192 |    1695 |  28.8 |      26 |       4 |  13.3
       D:12 |    4322 |     835 |  16.2 |      26 |      23 |  46.9
      Orc:1 |    3419 |    2015 |  37.1 |      35 |       8 |  18.6
      Orc:2 |    2756 |    1411 |  33.9 |      18 |      17 |  48.6
      Sewer |       0 |     145 | 100.0 |       0 |       5 | 100.0
            +---------+---------+-------+---------+---------+-------
